 Dungeon Crawl Stone Soup version 0.30-a0-622-gddc90eaa04 (webtiles) character file.

Game seed: 12046332379832331762

133 testman the Slasher (level 5, 0/43 HPs)
             Began as a Merfolk Berserker on Jan 10, 2023.
             Was a Believer of Trog.
             Slain by a gnoll
             ... wielding a +0 spear
             ... led by a gnoll bouda
              (2 damage)
             ... on level 4 of the Dungeon.
             The game lasted 00:04:36 (2213 turns).

testman the Slasher (Merfolk Berserker)             Turns: 2213, Time: 00:04:37

Health: 0/43       AC:  8    Str: 18    XL:     5   Next: 16%
Magic:  5/5        EV: 12    Int:  6    God:    Trog [**....]
Gold:   180        SH:  4    Dex: 15    Spells: 4/4 levels left

rFire   . . .      SeeInvis .    a - +0 falchion
rCold   . . .      Faith    .    l - +0 buckler
rNeg    . . .      Spirit   .    g - +3 leather armour
rPois   .          Reflect  .    c - +1 helmet
rElec   .          Harm     .    (no cloak)
rCorr   .          Rampage  .    (no gloves)
Will    .....                    (no boots)
Stlth   +                        r - amulet of magic regeneration
HPRegen 0.27/turn                (no ring)
MPRegen 0.49/turn                (no ring)

@: no status effects
A: (nimble swimmer 2), mertail
a: Renounce Religion, Berserk, Trog's Hand


You were on level 4 of the Dungeon.
You worshipped Trog.
Trog was pleased with you.
You visited 1 branch of the dungeon, and saw 4 of its levels.

You collected 180 gold pieces.

Inventory:

Hand Weapons
 a - a +0 falchion (weapon)
 t - a +3 dagger
Missiles
 j - a throwing net (quivered)
 m - 9 poisoned darts
Armour
 b - a +0 animal skin
 c - a +1 helmet (worn)
 g - a +3 leather armour (worn)
 l - a +0 buckler (worn)
Jewellery
 r - an amulet of magic regeneration (around neck)
Scrolls
 f - 5 scrolls of identify {unknown}
 p - a scroll of poison {unknown}
 s - a scroll of fear {unknown}
 v - a scroll of blinking {unknown}
Potions
 d - a potion of ambrosia {unknown}
 i - 3 potions of degeneration {unknown}
 k - a potion of haste {unknown}
 n - a potion of lignification {unknown}
 o - a potion of might {unknown}
 q - 3 potions of heal wounds {unknown}
 u - 2 potions of attraction {unknown}


   Skills:
 + Level 4.7 Fighting
 + Level 5.2 Long Blades
 - Level 1.3 Armour
 - Level 2.6 Dodging
 + Level 1.7 Shields


You had 4 spell levels left.
You didn't know any spells.
Your spell library was empty.

Dungeon Overview and Level Annotations

Branches:
Dungeon (4/15)
 Temple: D:4-7

Altars:


Innate Abilities, Weirdness & Mutations

((You are very nimble when in or above water. (Stealth+, EV+, Speed+++)))
Your lower body shifts to a powerful aquatic tail in water.


Message History

The gnoll closely misses you.
The gnoll bouda gazes fiercely through you!
You feel your attacks grow feeble. The orc hits you but does no damage.
You're too confused to move!
The orc hits you but does no damage. The orc barely misses you.
The gnoll barely misses you. The gnoll closely misses you.
The orc attacks as you move away! The orc barely misses you.
The orc hits you with a +0 mace.
The gnoll hits you from afar with a +0 spear.
You bump into the rock wall.
You feel less confused. The orc hits you but does no damage.
You block the orc's attack. The gnoll hits you but does no damage.
The gnoll hits you with a +0 halberd. The gnoll misses you.
You block the gnoll bouda's attack.
The gnoll bouda attacks as you move away!
The gnoll bouda closely misses you. You block the gnoll's attack.
The gnoll hits you from afar with a +0 halberd.
The orc hits you with a +0 mace! The orc hits you but does no damage.
The gnoll closely misses you.
Okay, then.
As you read the scroll labelled QIF OCRURGH, it crumbles to dust.
The creatures around you are filled with an inner flame!
It was a scroll of immolation.
The gnoll hits you from afar with a +0 halberd!
* * * LOW HITPOINT WARNING * * *
The gnoll barely misses you. The gnoll closely misses you.
You block the orc's attack.
The gnoll bouda hits you with a +0 whip.
* * * LOW HITPOINT WARNING * * *
The orc completely misses you.
As you read the scroll labelled WIOMPIYTZUO, it crumbles to dust.
It is a scroll of amnesia.
You feel forgetful for a moment.
Your attacks no longer feel as feeble.
The orc barely misses you. The orc hits you with a +0 mace.
* * * LOW HITPOINT WARNING * * *
The gnoll closely misses you.
The gnoll hits you from afar with a +0 spear.
You die...

...
.........#......# ..
..........#......##
..#........#..#....#
............##....
...........##.....
..#.##...)#..?.#.
.............#
...#..)......#
...###o@#.......
.....ggog#.......
......ggg........
###..............
...<............
...............#.
..............##
.....>.......<#
#.............


You could see a gnoll bouda (inner flame), 5 gnolls and 2 orcs.

Vanquished Creatures
  An orc wizard (D:4)
  4 adders
  A dart slug (D:2)
  3 orcs
  A ball python (D:3)
  9 bats
  5 endoplasms
  5 giant cockroaches
  7 goblins
  4 hobgoblins (D:3)
  8 jackals
  2 quokkas
  4 frilled lizards
  3 kobolds
  5 rats
62 creatures vanquished.

Notes
Turn   | Place    | Note
-------+----------+-------------------------------------------
     0 | D:1      | testman the Merfolk Berserker began the quest for the Orb.
     0 | D:1      | Reached XP level 1. HP: 18/18 MP: 1/1
   152 | D:1      | Reached XP level 2. HP: 22/24 MP: 2/2
   182 | D:1      | Reached skill level 4 in Long Blades
   500 | D:1      | Reached XP level 3. HP: 30/30 MP: 3/3
   858 | D:2      | Reached ** piety under Trog
  1197 | D:2      | Reached XP level 4. HP: 35/38 MP: 4/4
  1526 | D:3      | Reached skill level 1 in Shields
  1600 | D:3      | Found a faded altar of an unknown god.
  1791 | D:3      | Reached skill level 5 in Long Blades
  2207 | D:4      | Reached XP level 5. HP: 34/43 MP: 5/5
  2213 | D:4      | HP: 2/43 [orc/+0 mace (4)]
  2213 | D:4      | Slain by a gnoll

Illustrated notes

Levels and vault maps discovered:
D:1:      lemuel_arrival_broad_hall, layout_loops_ring,
          chequers_serial_rivers_room_a
D:2:      layout_basic
D:3:      layout_loops_cross, hellmonk_ecumenical_altar_run_dry
D:4:      layout_cave_pools, minmay_circle_x, uniq_eustachio

Skill      XL: |  1  2  3  4 |
---------------+-------------+-----
Long Blades    | 4 5 |  5.2
Fighting       | 4 |  4.7
Shields        | 1 |  1.7
Armour         | |  1.3
Dodging        | |  2.6

Action                   |  1- 3 |  4- 6 || total
-------------------------+-------+-------++-------
Melee: Falchion          |   122 |    90 ||   212
       Punch             |     1 |       ||     1
Invok: Berserk           |     1 |       ||     1
  Use: Scroll            |       |     2 ||     2
 Stab: Sleeping          |     1 |     1 ||     2
Armor: Animal skin       |    24 |       ||    24
       Leather armour    |    13 |    42 ||    55
Dodge: Dodged            |    79 |    70 ||   149
Block: Buckler           |     4 |    20 ||    24

Table legend: (Time is in decaauts)
 A = Elapsed time spent in this place.
 B = Non-inter-level travel time spent in this place.
 C = Inter-level travel time spent in this place.
 D = Time resting spent in this place.
 E = Time spent auto-exploring this place.
 F = Levels seen in this place.
 G = Mean time per level.
                   A        B        C        D        E       F      G
               +--------+--------+--------+--------+--------+-----+--------+
         Total |   2244 |   2221 |     23 |     81 |   1638 |   4 |  561.0 |
       Dungeon |   2244 |   2221 |     23 |     81 |   1638 |   4 |  561.0 |
               +--------+--------+--------+--------+--------+-----+--------+

Top non-repeatable levels by time:
     D:1: 860 daAuts
     D:2: 683 daAuts
     D:3: 658 daAuts
     D:4: 42 daAuts
